 Dungeon Crawl Stone Soup version 0.24-a0-408-gcc1054c7ca (webtiles) character file.

Game seed: 3671560753168600182

267 Peloso the Slasher (level 6, 0/79 HPs)
             Began as a Minotaur Fighter on June 5, 2019.
             Slain by a steam dragon (4 damage)
             ... on level 4 of the Dungeon.
             The game lasted 00:05:27 (3043 turns).

Peloso the Slasher (Minotaur Fighter)               Turns: 3043, Time: 00:05:28

Health: 0/79       AC: 23    Str: 21    XL:     6   Next: 0%
Magic:  5/5        EV:  2    Int:  5    God:
Gold:   195        SH: 10    Dex: 11    Spells: 5/5 levels left

rFire    . . .     SeeInvis .   a - +0 long sword
rCold    . . .     Gourm    .   c - +0 shield
rNeg     + + +     Faith    .   (armour currently unavailable)
rPois    +         Spirit   .   (helmet currently unavailable)
rElec    .         Reflect  .   (cloak currently unavailable)
rCorr    .         Harm     .   (gloves currently unavailable)
MR       .....     NoTele   +   (boots currently unavailable)
Stlth    +.........             (no amulet)
HPRegen  0.23/turn              (no ring)
MPRegen  0.09/turn              (no ring)

@: tree-form
A: (retaliatory headbutt)
a: no special abilities


You were on level 4 of the Dungeon.
You were hungry.
You were a tree.
You visited 1 branch of the dungeon, and saw 4 of its levels.

You collected 195 gold pieces.

Inventory:

Hand Weapons
 a - a +0 long sword (weapon)
Armour
 b - a +0 scale mail
 c - a +0 shield (worn)
 n - a +0 cloak (melded)
 r - a +0 plate armour (melded)
Jewellery
 w - an uncursed ring of resist corrosion {unknown}
Wands
 k - a wand of polymorph (8)
Scrolls
 g - 6 scrolls of remove curse {unknown}
 h - 6 scrolls of identify {unknown}
 l - a scroll of teleportation {unknown}
 m - a scroll of enchant armour {unknown}
 p - a scroll of fog {unknown}
 s - a scroll of enchant weapon {unknown}
 u - a scroll of immolation {unknown}
 v - a scroll of blinking {unknown}
Potions
 d - 2 potions of might
 i - a potion of flight {unknown}
 j - a potion of resistance {unknown}
 o - a potion of haste {unknown}
 q - a potion of ambrosia {unknown}
 t - a potion of curing {unknown}
Comestibles
 f - 6 rations


   Skills:
 + Level 4.3 Fighting
 + Level 5.3 Long Blades
 + Level 5.0 Armour
 + Level 0.5 Dodging
 + Level 4.8 Shields


You had 5 spell levels left.
You didn't know any spells.
Your spell library contained the following spells:

 Spells                   Type           Power        Failure   Level  Hunger
 Magic Dart               Conj           #...         89%         1    ##.....
 Blink                    Tloc           N/A          96%         2    ###....
 Call Imp                 Summ           #.......     96%         2    ###....
 Slow                     Hex            #.......     96%         2    ###....
 Conjure Flame            Conj/Fire      #.......     99%         3    ####...
 Mephitic Cloud           Conj/Pois/Air  #.......     99%         3    ####...


Dungeon Overview and Level Annotations

Branches:
Dungeon (4/15)
 Temple: D:4-7

Altars:


Innate Abilities, Weirdness & Mutations

((You reflexively headbutt those who attack you in melee.))
((You have a pair of horns on your head.))


Message History

A jackal comes into view.
The steam dragon bites you.
* * * LOW HITPOINT WARNING * * *
You block the steam dragon's attack.
It was a potion of lignification.
You turn into a tree.
Your +0 cloak melds into your body.
Your +0 plate armour melds into your body.
Your roots penetrate the ground.
The steam dragon bites you but does no damage.
You block the steam dragon's attack.
Okay, then.
Your shield prevents you from hitting the steam dragon.
The steam dragon is heavily wounded.
The steam dragon bites you but does no damage.
The steam dragon claws you but does no damage.
The jackal barks!
You slash the steam dragon!
The steam dragon is almost dead.
The steam dragon bites you.
You die...

.###.....................
..##............>........
>.##..................#
..........<...........#
..>#..................#
....#................##
...................<##
..............).....#
...###......D♣...# ##.
........†h...#
.......##....##
.......#..(....#
.............###
#............
.##..........
......h#....
.l....####...


You could see a steam dragon and 2 jackals.

Vanquished Creatures
  A crimson imp (D:2)
  Crazy Yiuf (D:2)
  Terence (D:2)
  A worker ant (D:4)
  3 gnolls (D:3)
  3 adders (D:3)
  An ooze (D:3)
  4 worms (D:3)
  2 dart slugs
  4 leopard geckos
  6 bats
  9 goblins
  12 hobgoblins
  10 jackals
  8 kobolds
  2 quokkas (D:2)
  4 frilled lizards
  8 rats
80 creatures vanquished.

Vanquished Creatures (others)
  A frilled lizard (D:4)
1 creature vanquished.

Grand Total: 81 creatures vanquished

Notes
Turn   | Place    | Note
-------+----------+-------------------------------------------
     0 | D:1      | Peloso the Minotaur Fighter began the quest for the Orb.
     0 | D:1      | Reached XP level 1. HP: 19/19 MP: 0/0
    72 | D:1      | Reached XP level 2. HP: 26/27 MP: 1/1
   461 | D:1      | Reached XP level 3. HP: 29/33 MP: 2/2
   735 | D:2      | Found a runed translucent door.
   736 | D:2      | Noticed Crazy Yiuf
   803 | D:2      | Noticed Terence
   812 | D:2      | Killed Terence
   814 | D:2      | Reached XP level 4. HP: 35/40 MP: 3/3
  1586 | D:2      | Killed Crazy Yiuf
  1586 | D:2      | Reached XP level 5. HP: 46/46 MP: 4/4
  2689 | D:3      | Reached skill level 5 in Long Blades
  2705 | D:3      | Reached skill level 5 in Armour
  2973 | D:4      | Reached XP level 6. HP: 53/53 MP: 5/5
  3029 | D:4      | Noticed a steam dragon
  3029 | D:4      | an ogre changed into a steam dragon
  3040 | D:4      | HP: 2/53 [steam dragon (2)]
  3043 | D:4      | Slain by a steam dragon

Levels and vault maps discovered:
D:1:      mrwooster_arrival_arrow, layout_loops_ring
D:2:      layout_basic, first_ration, serial_bayou_pond_a, kennysheep_donut,
          uniq_terence, uniq_crazy_yiuf_cottage
D:3:      layout_loops_corners
D:4:      layout_cave_pools, minmay_misc_feat_square

Skill      XL: |  1  2  3  4  5 |
---------------+----------------+-----
Armour         | 4 5 |  5.0
Long Blades    | 3 4 5 |  5.3
Fighting       | 4 |  4.3
Shields        | 4 |  4.8
Dodging        | |  0.5

Action                   |  1- 3 |  4- 6 || total
-------------------------+-------+-------++-------
Melee: Long sword        |    80 |   139 ||   219
       Headbutt          |     8 |    31 ||    39
Evoke: Wand              |       |     1 ||     1
  Use: Potion            |       |     1 ||     1
  Eat: Chunk             |       |     3 ||     3
       Ration            |       |     1 ||     1
Armor: Scale mail        |    25 |    32 ||    57
       Plate armour      |       |    50 ||    50
       Skin              |       |     3 ||     3
Dodge: Dodged            |    25 |    41 ||    66
Block: Shield            |    42 |    83 ||   125
       Rpst.: Long sword |     7 |    11 ||    18

Table legend:
 A = Non-vault XP
 B = Vault XP
 C = Vault XP percentage of total XP
 D = Non-vault monster count
 E = Vault monster count
 F = Vault count percentage of total count
                 A         B        C        D         E       F
            +---------+---------+-------+---------+---------+-------
      Total |     307 |      75 |  19.6 |      78 |       2 |   2.5
            +---------+---------+-------+---------+---------+-------
        D:1 |      58 |       0 |   0.0 |      30 |       0 |   0.0
        D:2 |      75 |      75 |  50.0 |      18 |       2 |  10.0
        D:3 |     133 |       0 |   0.0 |      25 |       0 |   0.0
        D:4 |      41 |       0 |   0.0 |       5 |       0 |   0.0
            +---------+---------+-------+---------+---------+-------
